 Dungeon Crawl Stone Soup version 0.25.0-33-gff14898491 (webtiles) character file.

Game seed: 4760709397042953874

27784 simples the Thaumaturge (level 13, -7/86 HPs)
             Began as a Purple Draconian Conjurer on July 6, 2020.
             Was an Elder of Vehumet.
             Mangled by a catoblepas (16 damage)
             ... on level 4 of the Lair of Beasts.
             The game lasted 00:39:02 (25355 turns).

simples the Thaumaturge (DrCj)                     Turns: 25355, Time: 00:39:03

Health: -7/86      AC: 11    Str: 10    XL:     13   Next: 6%
Magic:  36/39      EV: 18    Int: 21    God:    Vehumet [****..]
Gold:   970        SH:  7    Dex: 12    Spells: 20/38 levels left

rFire    + + .     SeeInvis .   G - +1 dagger (flame)
rCold    . . .     Gourm    .   g - +2 buckler
rNeg     + + .     Faith    .   (armour unavailable)
rPois    .         Spirit   .   Y - +2 hat
rElec    .         Reflect  .   D - scarf {repulsion}
rCorr    .         Harm     .   (no gloves)
MR       +....                  W - +0 pair of boots
Stlth    +++.......             L - amulet of the acrobat
HPRegen  0.24/turn              K - ring of stealth
MPRegen  0.26/turn              M - ring of the Median {rF++ rN++ MP+9 Slay-6}

@: about to teleport, studying Evocations, repel missiles
A: breathe power, unfitting armour, cold-blooded, AC +8
a: Breathe Dispelling Energy, Renounce Religion


You were on level 4 of the Lair of Beasts.
You worshipped Vehumet.
Vehumet was greatly pleased with you.
You were hungry.

You visited 3 branches of the dungeon, and saw 16 of its levels.
You also visited: Ossuary.

You collected 970 gold pieces.

Inventory:

Hand Weapons
 G - a +1 dagger of flaming (weapon)
Armour
 a - a +0 cloak
 g - a +2 buckler (worn)
 D - a scarf of repulsion (worn)
 W - a +0 pair of boots (worn)
 Y - a +2 hat (worn)
Jewellery
 j - an uncursed ring of fire
 w - an uncursed ring of protection from cold
 x - an uncursed ring of resist corrosion
 F - an uncursed amulet of faith
 K - a ring of stealth (left hand)
 L - an amulet of the acrobat (around neck)
 M - the ring of the Median (right hand) {rF++ rN++ MP+9 Slay-6}
   (You acquired it on level 3 of the Lair of Beasts)

   [ring of magical power]

   It affects your accuracy and damage with ranged weapons and melee attacks
   (-6).
   It greatly protects you from fire.
   It greatly protects you from negative energy.
   It affects your magic capacity (+9).
 U - an uncursed ring of stealth
 V - an uncursed ring of see invisible
Wands
 h - a wand of iceblast (2)
 J - a wand of paralysis (8)
 S - a wand of polymorph (9)
Scrolls
 c - a scroll of immolation
 d - 3 scrolls of enchant armour
 e - 3 scrolls of enchant weapon
 f - 8 scrolls of remove curse
 l - a scroll of noise {unknown}
 o - 3 scrolls of teleportation
 p - 2 scrolls of fog {unknown}
 q - 3 scrolls of magic mapping {unknown}
 u - 3 scrolls of random uselessness {unknown}
 y - a scroll of amnesia
 H - 2 scrolls of silence
 O - a scroll of vulnerability
Potions
 k - 6 potions of curing
 m - 6 potions of haste {unknown}
 n - 3 potions of resistance {unknown}
 r - 2 potions of mutation {unknown}
 s - a potion of ambrosia {unknown}
 t - 3 potions of stabbing {unknown}
 v - 2 potions of berserk rage {unknown}
 z - 2 potions of heal wounds {unknown}
 B - 2 potions of degeneration {unknown}
 C - 3 potions of brilliance {unknown}
 E - a potion of magic {unknown}
 I - 3 potions of flight {unknown}
 P - a potion of lignification
 R - a potion of might
 T - a potion of invisibility {unknown}
 X - a potion of cancellation {unknown}
Books
 A - a manual of Evocations
Comestibles
 b - 20 rations
 N - 5 chunks of flesh


   Skills:
 + Level 11.3 Dodging
 - Level 1.7 Stealth
 - Level 4.1 Shields
 + Level 13.1 Spellcasting
 + Level 12.5 Conjurations
 - Level 6.2 Fire Magic


You had 20 spell levels left.
You knew the following spells:

 Your Spells              Type           Power        Failure   Level  Hunger
a - Magic Dart            Conj           ####         1%          1    None
b - Searing Ray           Conj           ######       1%          2    None
c - Iskenderun's Mystic   Conj/Tloc      #####...     1%          4    None
d - Bolt of Magma         Conj/Fire/Erth #####.....   2%          5    ####...
e - Iron Shot             Conj/Erth      #####.....   16%         6    #####..

Your spell library contained the following spells:

 Spells                   Type           Power        Failure   Level  Hunger
 Dazzling Flash           Conj/Hex       #####.       1%          3    None
 Fulminant Prism          Conj/Hex       #####.....   1%          4    None


Dungeon Overview and Level Annotations

Branches:
Dungeon (11/15)            Temple (1/1) D:7            Lair (4/6) D:9
  Swamp (0/4) Lair:4          Orc (0/2) D:10        Ossuary (visited)
  Snake: Lair:2-4    Spider: Lair:2-4

Altars:
Ashenzari
Dithmenos
Elyvilon
Fedhas
Gozag
Makhleb
Nemelex Xobeh
Okawaru
Ru
Sif Muna
Uskayaw
Vehumet
Wu Jian
Xom
Yredelemnul
Zin
The Shining One

Annotations:
D:2 exclusion: downstairs
D:5 exclusion: downstairs
D:6 exclusion: downstairs
D:7 exclusion: downstairs
D:8 exclusion: downstairs
D:9 exclusion: 2 downstairs
Lair:1 exclusion: 2 downstairs
Lair:2 exclusion: downstairs, Snorg


Innate Abilities, Weirdness & Mutations

You can breathe bolts of dispelling energy.
Your rich purple scales are hard. (AC +8)
You cannot fit into any form of body armour.
You are cold-blooded and may be slowed by cold attacks.


Message History

The catoblepas seems to regain its courage.
You have turned to stone.
The catoblepas breathes a plume of calcifying dust at you.
The blast of calcifying dust hits you.
* * * LOW HITPOINT WARNING * * *
You are engulfed in calcifying dust.
The plant is no longer petrified.
You are engulfed in calcifying dust.
You are engulfed in calcifying dust. x2
The catoblepas gores you but does no damage.
The catoblepas gores you!
* * * LOW HITPOINT WARNING * * *
The catoblepas gores you!!
* * * LOW HITPOINT WARNING * * *
You turn to flesh and can move again.
As you read the scroll of fear, it crumbles to dust.
You assume a fearsome visage.
The catoblepas easily resists.
The catoblepas misses you.
As you read the scroll of teleportation, it crumbles to dust.
You feel strangely unstable. The catoblepas gores you!
You die...

######...# ##### #.........
PP#.P#...# ##......#. P........##
############...#.#.#
..........####...#...#.#.......##
.##.........#....................
.##...........##..P.P#...........
......P...P...#..................
...##.##....P....................
......#..#.....รท@Y.#####.#.......
.#.......#.....##.## #######...
...........P....### #.
.P.#.......#.....#
.######....#....## ## ##.....#P..#
#......##### ##.....# ##..###


You could see a catoblepas.

Vanquished Creatures
  A hydra (Lair:2)
  A queen ant (Lair:2)
  3 two-headed ogres
  2 death yaks (Lair:3)
  Pikel (D:8)
  A cyclops (D:11)
  Joseph (D:9)
  A gargoyle (D:9)
  5 spiny frogs
  4 rime drakes
  2 komodo dragons
  A hornet (D:10)
  A bog body (Lair:4)
  9 blink frogs
  6 hippogriffs
  A wyvern (D:7)
  20 yaks
  A hungry ghost (D:10)
  A human (D:10)
  2 steam dragons
  2 swamp worms (Lair:4)
  4 wargs
  20 soldier ants
  An acid dragon (D:11)
  4 water moccasins
  2 black bears
  4 porcupines
  A slave (D:8)
  2 ice beasts
  A sky beast (D:9)
  6 orc warriors
  2 phantoms
  5 ogres
  14 wolves
  6 centaurs
  10 crocodiles
  An elf zombie (Ossuary)
  15 bullfrogs
  2 gnoll sergeants (D:10)
  A wyvern skeleton (D:7)
  3 scorpions
  3 killer bees (D:7)
  An electric eel (Lair:4)
  A howler monkey (D:11)
  2 crimson imps
  3 human zombies (Ossuary)
  6 hounds
  5 jellies
  4 bullfrog skeletons
  10 orc priests
  2 centaur skeletons
  A gnoll shaman (D:9)
  4 iguanas
  14 orc wizards
  27 worker ants
  Natasha (thrice) (D:2)
  2 big kobold zombies (Ossuary)
  A hound zombie (D:8)
  A hound skeleton (D:8)
  2 mummies (Ossuary)
  A worker ant zombie (D:6)
  38 gnolls
  14 adders
  4 shadow imps
  7 oozes
  An adder skeleton (D:8)
  5 worms
  A dart slug (D:1)
  7 leopard geckos
  79 orcs
  4 giant cockroaches
  12 goblins
  7 hobgoblins
  7 jackals
  6 quokkas
  2 ball pythons
  10 bats
  8 frilled lizards
  2 goblin zombies (Ossuary)
  13 hobgoblin zombies (Ossuary)
  7 kobolds
  6 kobold zombies (Ossuary)
  A leopard gecko skeleton (D:4)
  9 orc zombies (Ossuary)
  A quokka skeleton (D:5)
  6 rats
  A rat zombie (Ossuary)
  A fungus (Lair:4)
522 creatures vanquished.

Vanquished Creatures (others)
  2 worker ant zombies (D:8)
  6 fungi (Lair:2)
  A plant (Lair:2)
9 creatures vanquished.

Grand Total: 531 creatures vanquished

Notes
Turn   | Place    | Note
-------+----------+-------------------------------------------
     0 | D:1      | simples the Draconian Conjurer began the quest for the Orb.
     0 | D:1      | Reached XP level 1. HP: 14/14 MP: 3/3
   465 | D:1      | Reached XP level 2. HP: 20/20 MP: 3/5
   490 | D:1      | Learned a level 2 spell: Searing Ray
  1341 | D:1      | Reached XP level 3. HP: 26/26 MP: 3/6
  1927 | D:2      | Found an ornate altar of the Wu Jian Council.
  1956 | D:2      | Noticed Natasha
  1974 | D:2      | Killed Natasha
  1974 | D:2      | Reached XP level 4. HP: 30/33 MP: 0/8
  2168 | D:2      | Noticed Natasha
  2171 | D:2      | Killed Natasha
  2171 | D:2      | Reached skill level 3 in Spellcasting
  2199 | D:2      | Noticed Natasha
  2205 | D:2      | Killed Natasha
  2265 | D:2      | Reached XP level 5. HP: 33/38 MP: 6/9
  2537 | D:2      | Reached skill level 5 in Conjurations
  4126 | D:3      | Reached XP level 6. HP: 45/45 MP: 4/11
  4444 | D:3      | You fall into a shaft and drop 1 floor!
  4961 | D:3      | Noticed an orc warrior
  5273 | D:3      | Reached skill level 4 in Spellcasting
  5638 | D:4      | Found a blossoming altar of Fedhas.
  5820 | D:4      | Your scales start taking on a rich purple colour.
  5820 | D:4      | Reached skill level 5 in Spellcasting
  5820 | D:4      | Reached XP level 7. HP: 50/50 MP: 5/14
  6052 | D:4      | Found a glowing golden altar of the Shining One.
  6126 | D:4      | Found a shattered altar of Ashenzari.
  6491 | D:5      | Entered Level 5 of the Dungeon
  7022 | D:5      | Reached skill level 6 in Spellcasting
  7067 | D:5      | Reached skill level 5 in Dodging
  7690 | D:6      | Reached XP level 8. HP: 57/57 MP: 13/17
  7834 | D:6      | Found a sand-covered staircase.
  7839 | Ossuary  | Entered an ossuary
  8932 | D:6      | Reached skill level 7 in Spellcasting
  9379 | D:6      | Found a basalt altar of Yredelemnul.
  9689 | D:6      | Found a shattered altar of Ashenzari.
  9691 | D:6      | Found a glowing silver altar of Zin.
 10399 | D:7      | Found a staircase to the Ecumenical Temple.
 10430 | D:7      | Reached XP level 9. HP: 40/62 MP: 2/20
 10480 | Temple   | Entered the Ecumenical Temple
 10773 | Temple   | Became a worshipper of Vehumet
 10867 | D:7      | Reached skill level 8 in Spellcasting
 11059 | D:7      | Reached skill level 1 in Shields
 11941 | D:8      | Reached * piety under Vehumet
 11941 | D:8      | Offered knowledge of Sandblast by Vehumet.
 12182 | D:8      | Noticed a two-headed ogre
 12316 | D:8      | Killed a two-headed ogre
 12316 | D:8      | Reached skill level 9 in Spellcasting
 12316 | D:8      | Reached XP level 10. HP: 23/69 MP: 11/23
 12611 | D:8      | Noticed a two-headed ogre
 12655 | D:8      | Killed a two-headed ogre
 12840 | D:8      | Noticed Pikel
 12879 | D:8      | Killed Pikel
 14000 | D:9      | Found a staircase to the Lair.
 14027 | D:9      | Reached skill level 10 in Spellcasting
 14232 | D:9      | Reached ** piety under Vehumet
 14232 | D:9      | Offered knowledge of Foxfire by Vehumet.
 14608 | D:9      | Noticed Joseph
 14624 | D:9      | Killed Joseph
 14624 | D:9      | Reached skill level 10 in Conjurations
 14924 | D:9      | Found an opulent altar of Gozag.
 15136 | D:9      | Offered knowledge of Conjure Flame by Vehumet.
 15287 | D:10     | Entered Level 10 of the Dungeon
 15287 | D:10     | Noticed a gargoyle
 15295 | D:9      | Killed a gargoyle
 15343 | D:9      | Learned a level 4 spell: Iskenderun's Mystic Blast
 15519 | D:9      | Reached *** piety under Vehumet
 15640 | D:9      | Reached XP level 11. HP: 35/74 MP: 20/25
 15977 | D:10     | Noticed a two-headed ogre
 15996 | D:9      | Killed a two-headed ogre
 16227 | D:9      | Offered knowledge of Olgreb's Toxic Radiance by Vehumet.
 16457 | D:10     | Reached skill level 11 in Spellcasting
 16520 | D:10     | Paralysed by a hornet for 1 turns
 16523 | D:10     | Paralysed by a hornet for 2 turns
 16525 | D:10     | Reached **** piety under Vehumet
 16873 | D:10     | Found a staircase to the Orcish Mines.
 17021 | D:10     | Offered knowledge of Bolt of Magma by Vehumet.
 17033 | D:10     | Learned a level 5 spell: Bolt of Magma
 17670 | D:11     | Noticed a wizard
 17681 | D:11     | Noticed a rakshasa
 17682 | D:11     | Reached skill level 1 in Fire Magic
 17839 | Lair:1   | Entered Level 1 of the Lair of Beasts
 18258 | Lair:1   | Reached skill level 10 in Dodging
 19524 | Lair:2   | Reached XP level 12. HP: 49/81 MP: 12/27
 19914 | Lair:2   | Reached skill level 12 in Spellcasting
 20529 | Lair:2   | Noticed a seven-headed hydra
 20601 | Lair:2   | Reached ***** piety under Vehumet
 20726 | Lair:2   | Offered knowledge of Iron Shot by Vehumet.
 20763 | Lair:2   | Killed a seven-headed hydra
 21003 | Lair:2   | Reached skill level 5 in Fire Magic
 21219 | Lair:2   | Noticed a queen ant
 21311 | Lair:2   | Killed a queen ant
 22388 | Lair:3   | Noticed Snorg
 22694 | Lair:3   | Noticed a death yak
 22721 | Lair:3   | Learned a level 6 spell: Iron Shot
 22836 | Lair:3   | Noticed a death yak
 22853 | Lair:3   | Noticed a death yak
 22856 | Lair:3   | Noticed a death yak
 22860 | Lair:3   | Killed a death yak
 22860 | Lair:3   | Killed a death yak
 24094 | Lair:3   | Identified a scroll of acquirement
 24104 | Lair:3   | Got the ring of the Median {rF++ rN++ MP+9 Slay-6}
 24334 | Lair:4   | Reached skill level 13 in Spellcasting
 24856 | Lair:4   | Reached XP level 13. HP: 86/86 MP: 30/30
 25206 | Lair:4   | Found a staircase to the Swamp.
 25355 | Lair:4   | Mangled by a catoblepas

Illustrated notes

Levels and vault maps discovered:
D:1:      nicolae_arrival_washed_ashore, layout_basic, minmay_tetromino_i2
D:2:      layout_basic, overflow_temple_1_default, st_stairs_9, uniq_natasha
D:3:      layout_loops_ring, first_ration, hangedman_feature_mirror
D:4:      layout_cave_pools, nicolae_overflow_crystal_walls,
          fedhas_bush_and_centaur_altar, evilmike_ruin_ashenzari
D:5:      layout_loops_cross, minmay_manual_mess
D:6:      layout_basic, old_standard_altar,
          chequers_temple_overflow_statue_of_worship,
          nicolae_ossuary_entry_false_entrances
D:7:      layout_rooms, minmay_temple_entry_statues_fountains,
          kennysheep_generic_room_5
D:8:      layout_cave_pools, uniq_pikel
D:9:      layout_cross, erik_lair_orcish_takeover,
          hangedman_little_slice_of_home,
          nicolae_gozag_cash_rules_everything_around_me, uniq_joseph
D:10:     layout_cave_pools, erik_orc_4, special_room [special_room_orc],
          grunt_ministairs_13
D:11:     layout_long_grid, gammafunk_ghost_arena, eino_curves_02,
          minmay_the_grid_square_5x5_3x3_mashed
          [minmay_the_grid_square_5x5_two_walls_b,
          minmay_the_grid_square_5x5_checkered_statues,
          minmay_the_grid_square_5x5_mess,
          minmay_the_grid_square_5x5_misaligned,
          minmay_the_grid_square_5x5_megaprize_open,
          minmay_the_grid_square_5x5_gyroscope,
          minmay_the_grid_square_5x5_detours,
          minmay_the_grid_square_5x5_bracketed,
          minmay_the_grid_square_5x5_inset]
Temple:   nicolae_temple_elliptical
Lair:1:   layout_loops_ring, grunt_megastairs_1, infiniplex_staircase_pool_2
Lair:2:   layout_chaotic_city, minmay_hedge_maze, minivault_29,
          lemuel_fruit_fields, serial_bayou_shore_b
Lair:3:   layout_cave_pods, uniq_snorg
Lair:4:   layout_misc_corridors, nicolae_swamp_entry_splash_gauntlet,
          spider_nest_entry_a

Skill      XL: |  1  2  3  4  5  6  7  8  9 10 11 12 |
---------------+-------------------------------------+-----
Dodging        | 2 3 4 5 6 7 9 10 11 | 11.3
Spellcasting   | 3 5 6 7 9 10 11 13 | 13.1
Conjurations   | 5 6 7 9 10 11 12 | 12.5
Shields        | 3 4 |  4.1
Fire Magic     | 3 6 |  6.2
Stealth        | |  1.7

Action                   |  1- 3 |  4- 6 |  7- 9 | 10-12 | 13-15 || total
-------------------------+-------+-------+-------+-------+-------++-------
Melee: Short sword       |    12 |       |       |       |       ||    12
       Dagger            |     8 |    25 |    30 |    41 |       ||   104
       Tailslap          |       |     2 |     3 |     8 |       ||    13
 Cast: Magic Dart        |    45 |     5 |    17 |     6 |       ||    73
       Searing Ray       |    16 |    60 |   137 |   283 |    12 ||   508
       Iskenderun's Myst |       |       |       |    34 |       ||    34
       Bolt of Magma     |       |       |       |    21 |     3 ||    24
 Abil: Breathe Dispellin |       |       |     2 |       |       ||     2
Evoke: Wand              |       |       |       |     5 |       ||     5
  Use: Scroll            |       |       |     6 |     9 |     4 ||    19
       Potion            |       |       |     7 |     3 |       ||    10
 Stab: Sleeping          |       |       |       |     1 |       ||     1
  Eat: Chunk             |     5 |    14 |    17 |    32 |     2 ||    70
       Ration            |       |       |     1 |     3 |       ||     4
Armor: Skin              |    14 |    13 |    62 |    90 |    10 ||   189
Dodge: Dodged            |    20 |    65 |   164 |   501 |     9 ||   759
       Repelled          |       |       |    16 |     9 |     4 ||    29
Block: Buckler           |       |       |       |   161 |     8 ||   169
